 Dungeon Crawl Stone Soup version 0.29-a0-1016-g236c7fd91e (webtiles) character file.

Game seed: 6000281920367198915

861 jlumianski the Chopper (level 7, -5/52 HPs)
             Began as a Demonspawn Gladiator on Aug 10, 2022.
             Was an Initiate of Qazlal.
             Slain by a hornet (12 damage)
             ... on level 4 of the Dungeon.
             The game lasted 00:17:37 (4750 turns).

jlumianski the Chopper (Demonspawn Gladiator)       Turns: 4750, Time: 00:17:38

Health: -5/52      AC: 15    Str: 16      XL:     7   Next: 71%
Magic:  8/8        EV: 11    Int:  6 (9)  God:    Qazlal [......]
Gold:   308        SH:  5    Dex: 21      Spells: 6/6 levels left

rFire   . . .      SeeInvis .   a - +0 war axe
rCold   . . .      Faith    .   i - +0 buckler
rNeg    . . .      Spirit   .   E - +3 scale mail
rPois   .          Reflect  .   (helmet restricted)
rElec   .          Harm     .   n - scarf {shadows}
rCorr   .          Rampage  .   (no gloves)
Will    .....                   (no boots)
Stlth   +.........              (no amulet)
HPRegen 0.17/turn               f - +6 ring of dexterity
MPRegen 0.11/turn               t - +4 ring of protection

@: lethally poisoned (-5 -> -15), slowed, very slow
A: horns 2, icy blue scales 1, powered by pain 1, spiny 1, MP-powered wands
a: Renounce Religion


You were on level 4 of the Dungeon.
You worshipped Qazlal.
Qazlal was noncommittal.
You visited 2 branches of the dungeon, and saw 7 of its levels.

You collected 380 gold pieces.
You spent 72 gold pieces at shops.

Inventory:

Hand Weapons
 a - a +0 war axe (weapon)
 r - a +0 hand axe of freezing
 u - a +0 dagger of venom
 C - a +2 flail of protection
Missiles
 d - 5 throwing nets
 e - a javelin
 y - 10 poisoned darts (quivered)
 F - 6 curare-tipped darts
Armour
 b - a +0 leather armour
 c - a +0 helmet
 i - a +0 buckler (worn)
 m - a +2 leather armour of fire resistance
 n - a scarf of shadows (worn)
 s - a +0 chain mail
 D - an orb of light
 E - a +3 scale mail (worn)
Jewellery
 f - a +6 ring of dexterity (left hand)
 t - a +4 ring of protection (right hand)
 w - an amulet of magic regeneration
Wands
 k - a wand of roots (12)
Scrolls
 o - a scroll of vulnerability
 q - a scroll of amnesia
 v - a scroll of butterflies
Potions
 g - 6 potions of attraction
 h - a potion of heal wounds
 j - a potion of degeneration
 l - a potion of curing
 p - a potion of brilliance
 x - a potion of mutation
 z - a potion of resistance
 A - a potion of berserk rage {unknown}
 G - a potion of lignification {unknown}


   Skills:
 + Level 3.3 Fighting
 + Level 5.8 Axes
 - Level 1.9 Throwing
 + Level 2.7 Armour
 + Level 3.7 Dodging
 - Level 1.9 Stealth
 - Level 1.2 Shields
 * Level 2.3 Invocations
 * Level 1.6 Evocations


You had 6 spell levels left.
You didn't know any spells.
Your spell library contained the following spells:

 Spells                   Type           Power      Damage    Failure   Level
 Scorch                   Fire           0%         2d5       98%         2
 Call Canine Familiar     Summ           0%         N/A       100%        3
 Portal Projectile        Hex/Tloc       0%         N/A       100%        3
 Flame Wave               Conj/Fire      0%         2d4       100%        4
 Leda's Liquefaction      Hex/Erth       0%         N/A       100%        4
 Summon Cactus Giant      Summ           0%         N/A       100%        6


Dungeon Overview and Level Annotations

Branches:
Dungeon (6/15)             Temple (1/1) D:4

Altars:
Dithmenos
Fedhas
Gozag
Kikubaaqudgha
Nemelex Xobeh
Okawaru
Qazlal
Ru
Wu Jian
Yredelemnul

Shops:
D:3 (   D:4 =


Innate Abilities, Weirdness & Mutations

You have a pair of horns on your head.
You are partially covered in icy blue scales. (AC +2)
You sometimes gain a little power by taking damage.
You are partially covered in sharp spines.
You expend magic power (3 MP) to strengthen your wands.


Message History

You throw a poisoned dart.
The poisoned dart barely misses the hornet.
You barely miss the hornet. Your headbutt misses the hornet.
The hornet is struck by your spines. The hornet misses you.
The hornet stings you but does no damage.
You hit the hornet but do no damage.
The hornet is lightly wounded.
The hornet is struck by your spines.
The hornet stings you but does no damage.
The hornet is struck by your spines. The hornet misses you.
You barely miss the hornet. You headbutt the hornet.
The hornet is moderately wounded.
The hornet is struck by your spines.
The hornet stings you but does no damage.
The hornet is struck by your spines. The hornet stings you!
You are poisoned.
You suddenly lose the ability to move!
You feel very sick.
The hornet stings you but does no damage.
You can move again.
You closely miss the hornet.
The hornet is heavily wounded.
You feel sick. You block the hornet's attack.
The hornet stings you but does no damage.
You barely miss the hornet.
The hornet is heavily wounded.
You feel sick. The hornet is struck by your spines. The hornet stings you.
You feel yourself slow down. The hornet stings you!
You are more poisoned.
You feel as though you will be slow longer.
You barely miss the hornet.
The hornet is severely wounded.
* * * LOW HITPOINT WARNING * * *
You feel extremely sick.
The hornet stings you but does no damage.
The hornet stings you!
* * * LOW HITPOINT WARNING * * *
You feel as though you will be slow longer.
The hornet stings you!
You die...

#......###.........#
....................
.......###......(..(
........##..........
........###........#
........# ##......##
........# #......#
........# ##...y##
#.......## ##..@#
##.......# #...#
##...†.## ##..#
#....)# #..#
##..#.## ##..#
#####..#####...#
#.........##...#
###.....##.......#
..#.####.##......#


You could see a hornet.

Vanquished Creatures
  2 ogres
  A scorpion (D:5)
  4 hounds
  A jelly (D:5)
  2 orc priests
  A gnoll bouda (D:5)
  2 iguanas (D:5)
  4 orc wizards
  8 gnolls
  6 adders
  An ufetubus (D:4)
  5 worms
  A dart slug (D:3)
  7 orcs
  2 ball pythons (D:4)
  5 endoplasms
  4 giant cockroaches
  8 goblins
  8 hobgoblins
  6 jackals
  5 kobolds
  5 quokkas
  6 bats
  A frilled lizard (D:1)
  8 rats
103 creatures vanquished.

Notes
Turn   | Place    | Note
-------+----------+-------------------------------------------
     0 | D:1      | jlumianski the Demonspawn Gladiator began the quest for the
                  | Orb.
     0 | D:1      | Reached XP level 1. HP: 16/16 MP: 1/1
     5 | D:1      | You fall into a shaft and drop 1 floor!
   285 | D:1      | Gained mutation: You have a pair of small horns on your
                  | head. [demonic ancestry]
   285 | D:1      | Reached XP level 2. HP: 22/22 MP: 2/2
   675 | D:1      | Reached skill level 3 in Axes
  1001 | D:2      | Reached skill level 1 in Armour
  1001 | D:2      | Gained mutation: You are partially covered in sharp spines.
                  | [demonic ancestry]
  1001 | D:2      | Reached XP level 3. HP: 28/28 MP: 3/3
  1257 | D:2      | Gained mutation: You have a pair of horns on your head.
                  | [demonic ancestry]
  1257 | D:2      | Reached XP level 4. HP: 34/34 MP: 4/4
  1513 | D:2      | Found a faded altar of an unknown god.
  1732 | D:4      | Found a sparkling altar of Nemelex Xobeh.
  2163 | D:3      | Gained mutation: You are partially covered in icy blue
                  | scales. (AC +2) [demonic ancestry]
  2163 | D:3      | Reached XP level 5. HP: 39/39 MP: 5/5
  2217 | D:3      | Found Dogismor's Weapon Boutique.
  2293 | D:3      | Bought 2 throwing nets for 72 gold pieces
  2454 | D:3      | Reached skill level 4 in Axes
  2487 | D:3      | Reached skill level 1 in Stealth
  2606 | D:3      | Gained mutation: You expend magic power (3 MP) to
                  | strengthen your wands. [potion of mutation]
  2944 | D:4      | Reached skill level 1 in Shields
  2944 | D:4      | Reached XP level 6. HP: 36/46 MP: 6/6
  3063 | D:4      | Found Woamm's Jewellery Boutique.
  3247 | D:4      | Noticed a hornet
  3325 | D:4      | Found a staircase to the Ecumenical Temple.
  3336 | Temple   | Entered the Ecumenical Temple
  3455 | Temple   | Became a worshipper of Qazlal Stormbringer
  3595 | D:5      | Entered Level 5 of the Dungeon
  3601 | D:5      | Reached skill level 5 in Axes
  3657 | D:5      | Gained mutation: You sometimes gain a little power by
                  | taking damage. [demonic ancestry]
  3657 | D:5      | Reached XP level 7. HP: 52/52 MP: 7/7
  3696 | D:6      | Found an ancient bone altar of Kikubaaqudgha.
  3913 | D:5      | Reached skill level 1 in Invocations
  4152 | D:5      | Reached skill level 1 in Evocations
  4746 | D:4      | Paralysed by a hornet for 2 turns
  4750 | D:4      | Slain by a hornet

Illustrated notes

Levels and vault maps discovered:
D:1:      scummos_arrival_simple_crosswalls, layout_loops_cross
D:2:      layout_rooms, basic_ecumenical_altar, minmay_goblin_outpost
D:3:      layout_basic, serial_shops, shop
D:4:      layout_cave_pods, nemelex_dance_club_becter, temple_hall,
          serial_shops, nicolae_shop_hallway_plus, minmay_pentomino_pile
D:5:      layout_loops_corners, roderic_roman_lattice
D:6:      layout_loops_corners, zin_purify, overflow_temple_1_default,
          lemuel_round_altar, hangedman_decor_slide_cut
Temple:   nicolae_temple_figure_eight

Skill      XL: |  1  2  3  4  5  6  7 |
---------------+----------------------+-----
Dodging        | 3 |  3.7
Axes           | 3 4 5 |  5.8
Armour         | 1 2 |  2.7
Stealth        | 1 |  1.9
Shields        | 1 |  1.2
Fighting       | 3 |  3.3
Invocations    | 2 |  2.3
Evocations     | 1 |  1.6
Throwing       | |  1.9

Action                   |  1- 3 |  4- 6 |  7- 9 || total
-------------------------+-------+-------+-------++-------
Melee: War axe           |    66 |   113 |    44 ||   223
       Headbutt          |     8 |    20 |    11 ||    39
Throw: Dart              |       |     4 |     4 ||     8
  Use: Potion            |     2 |     4 |       ||     6
       Scroll            |       |     3 |     2 ||     5
 Stab: Sleeping          |     4 |     4 |       ||     8
Armor: Leather armour    |    14 |    53 |       ||    67
       Scale mail        |       |       |    15 ||    15
Dodge: Dodged            |    49 |    63 |    19 ||   131
Block: Buckler           |    12 |    29 |    11 ||    52

Table legend: (Time is in decaauts)
 A = Elapsed time spent in this place.
 B = Non-inter-level travel time spent in this place.
 C = Inter-level travel time spent in this place.
 D = Time resting spent in this place.
 E = Time spent auto-exploring this place.
 F = Levels seen in this place.
 G = Mean time per level.
                   A        B        C        D        E       F      G
               +--------+--------+--------+--------+--------+-----+--------+
         Total |   4830 |   4675 |    155 |    229 |   2723 |   7 |  690.0 |
       Dungeon |   4692 |   4537 |    155 |    229 |   2723 |   6 |  782.0 |
        Temple |    137 |    137 |      0 |      0 |      0 |   1 |  137.0 |
               +--------+--------+--------+--------+--------+-----+--------+

Top non-repeatable levels by time:
     D:4: 1114 daAuts
     D:3: 1114 daAuts
     D:5: 912 daAuts
     D:1: 847 daAuts
     D:2: 700 daAuts
  Temple: 137 daAuts
     D:6: 3 daAuts
